 Dungeon Crawl Stone Soup version 0.28.0-45-g0d030f2227 (webtiles) character file.

Game seed: 13356233594943956636

23 Icepheonix32 the Firebug (level 2, -5/15 HPs)
             Began as a Tengu Fire Elementalist on Apr 16, 2022.
             Slain by Sigmund
             ... wielding a +0 scythe
              (7 damage)
             ... on level 2 of the Dungeon.
             The game lasted 00:02:17 (1489 turns).

Icepheonix32 the Firebug (Tengu Fire Elementalist)  Turns: 1489, Time: 00:02:17

Health: -5/15      AC:  2    Str:  6 (8)  XL:     2   Next: 95%
Magic:  0/6        EV: 12    Int: 13 (15) God:
Gold:   77         SH:  0    Dex: 12 (14) Spells: 2/5 levels left

rFire   + . .      SeeInvis .   b - staff of fire
rCold   . . .      Faith    .   (no shield)
rNeg    . . .      Spirit   .   a - +0 robe
rPois   .          Reflect  .   (helmet restricted)
rElec   .          Harm     .   (no cloak)
rCorr   .          Rampage  .   (no gloves)
Will    .....                   (boots unavailable)
Stlth   ++........              (no amulet)
HPRegen 0.05/turn               (no ring)
MPRegen 0.10/turn               (no ring)

@: no status effects
A: beak, talons 3
a: no special abilities


You were on level 2 of the Dungeon.
You visited 1 branch of the dungeon, and saw 2 of its levels.

You collected 77 gold pieces.

Inventory:

Missiles
 c - 2 javelins
Armour
 a - a +0 robe (worn)
Magical Staves
 b - a staff of fire (weapon)
Jewellery
 d - an amulet of magic regeneration
Scrolls
 e - a scroll of identify {unknown}


   Skills:
 * Level 2.5 Dodging
 - Level 2.0 Stealth
 - Level 2.0 Spellcasting
 + Level 1.8 Conjurations
 + Level 4.1 Fire Magic


You had 2 spell levels left.
You knew the following spells:

 Your Spells              Type           Power      Damage    Failure   Level
a - Foxfire               Conj/Fire      52%        2x1d6     8%          1
b - Scorch                Fire           36%        2d7       7%          2

Your spell library contained the following spells:

 Spells                   Type           Power      Damage    Failure   Level
 Animate Skeleton         Necr           2%         N/A       26%         1
 Apportation              Tloc           2%         N/A       26%         1
 Summon Small Mammal      Summ           4%         N/A       26%         1
 Conjure Flame            Conj/Fire      13%        6-21      22%         3
 Inner Flame              Hex/Fire       9%         N/A       32%         3
 Flame Wave               Conj/Fire      13%        2d6       58%         4
 Fireball                 Conj/Fire      6%         3d5       91%         5
 Starburst                Conj/Fire      6%         6d4       100%        6
 Ignition                 Fire           9%         3d5       100%        8


Dungeon Overview and Level Annotations

Branches:
Dungeon (2/15)

Altars:

Shops:
D:1 :

Annotations:
D:2 Sigmund


Innate Abilities, Weirdness & Mutations

You have a beak for a mouth.
You have claws for feet.


Message History

Things that are here:
a stone; a +0 dagger; a kobold corpse Sigmund is nearby!
Press: ? - help, v - describe, . - travel The floor.
Casting: Foxfire (safe; 7% risk of failure)
Confirm with . or Enter, or press ? or * to list all spells.
You feel a surge of power!
Flames lash Sigmund.
Sigmund shouts!
Sigmund is severely wounded.
Sigmund's fire resistance burns away.
Unknown command.
Casting: Scorch (safe; 6% risk of failure)
Confirm with . or Enter, or press ? or * to list all spells.
You feel a surge of power!
Flames lash Sigmund.
Sigmund is severely wounded.
Sigmund barely misses you.
Unknown command.
Casting: Scorch (safe; 6% risk of failure)
Confirm with . or Enter, or press ? or * to list all spells.
You feel a surge of power!
Flames lash Sigmund.
Sigmund is burned terribly!
Sigmund is almost dead.
Unknown command.
Sigmund gestures at you while chanting. The magic dart hits you!
Things that are here:
a stone; a +0 dagger; a kobold corpse Sigmund zaps a wand.
The puff of flame hits you. You resist.
* * * LOW HITPOINT WARNING * * *
There is a stone staircase leading up here.
You closely miss Sigmund.
Sigmund is almost dead.
Sigmund zaps a wand.
The puff of flame hits you. You resist.
* * * LOW HITPOINT WARNING * * *
Unknown command.
It was a potion of degeneration.
There was something very wrong with that liquid.
You feel weakened.
You feel dopey.
You feel clumsy. Sigmund hits you with a +0 scythe!
You die...

. #.# ..#.# #.#.#
#.#.# #.#.#
##...###### #.
#.........# #.
#..#### #. #.(@@.#
#.######## #...#.#
#......... #...# #
#......# #...#
.#......# #...#
...<....######.#.#
##.............#...
#.......#######...#
#.......# ..>..


You could see Sigmund (combustible).

Vanquished Creatures
  3 bats (D:1)
  A giant cockroach (D:1)
  2 goblins (D:1)
  2 hobgoblins (D:1)
  4 jackals (D:1)
  A quokka (D:1)
  A ball python (D:1)
  3 frilled lizards (D:1)
  2 kobolds
  A rat (D:1)
20 creatures vanquished.

Vanquished Creatures (others)
  64 foxfires
64 creatures vanquished.

Grand Total: 84 creatures vanquished

Notes
Turn   | Place    | Note
-------+----------+-------------------------------------------
     0 | D:1      | Icepheonix32 the Tengu Fire Elementalist began the quest
                  | for the Orb.
     0 | D:1      | Reached XP level 1. HP: 10/10 MP: 4/4
   309 | D:1      | Reached XP level 2. HP: 15/15 MP: 4/6
   312 | D:1      | Learned a level 2 spell: Scorch
   475 | D:1      | Found a faded altar of an unknown god.
   878 | D:1      | Found Jucot's Book Shop.
   891 | D:1      | Reached skill level 4 in Fire Magic
  1284 | D:2      | Noticed Sigmund
  1489 | D:2      | Slain by Sigmund

Illustrated notes

Levels and vault maps discovered:
D:1:      kilobyte_arrival_exit_the_forest, layout_basic,
          shapermc_ecumenical_altar_flowoftime, serial_shops, shop,
          item_on_display_a
D:2:      layout_basic, basic_altar, chequers_arboretum, uniq_sigmund

Skill      XL: |  1  2 |
---------------+-------+-----
Fire Magic     | 4 |  4.1
Dodging        | |  2.5
Stealth        | |  2.0
Spellcasting   | |  2.0
Conjurations   | |  1.8

Action                   || total
-------------------------++-------
Melee: Staff             ||    14
       Kick              ||     4
 Cast: Foxfire           ||    38
       Scorch            ||     4
  Use: Potion            ||     1
 Stab: Sleeping          ||     2
Armor: Robe              ||     2
Dodge: Dodged            ||    17
